 Dungeon Crawl Stone Soup version 0.31-a0-1074-g0b22e4e0f1 (webtiles) character file.

Game seed: 8764995965038619053

30 Vulpanium the Gusty (level 3, -1/24 HPs)
             Began as a Human Air Elementalist on Nov 28, 2023.
             Was a Follower of Vehumet.
             Slain by Terence
             ... wielding a +0 flail
              (9 damage)
             ... on level 2 of the Dungeon.
             The game lasted 00:02:41 (1560 turns).

Vulpanium the Gusty (Human Air Elementalist)        Turns: 1560, Time: 00:02:42

Health: -1/24      AC:  2    Str:  8    XL:     3   Next: 37%
Magic:  1/6        EV: 12    Int: 17    God:    Vehumet [*.....]
Gold:   40         SH:  0    Dex: 13    Spells: 5/6 levels left

rFire   . . .        e - +0 mace
rCold   . . .        (no shield)
rNeg    . . .        a - +0 robe
rPois   .            (no helmet)
rElec   .            (no cloak)
rCorr   .            (no gloves)
SInv    .            (no boots)
Will    .....        (no amulet)
Stlth   ++           (no ring)
HPRegen 0.24/turn    (no ring)
MPRegen 0.10/turn

%: no passive effects
@: very slightly contaminated
A: no striking features
a: Renounce Religion


You were on level 2 of the Dungeon.
You worshipped Vehumet.
Vehumet was aware of your devotion.
You visited 1 branch of the dungeon, and saw 2 of its levels.

You collected 40 gold pieces.

Inventory:

Hand Weapons
 e - a +0 mace (weapon)
Armour
 a - a +0 robe (worn)
Scrolls
 f - a scroll of fear {unknown}
 g - a scroll of teleportation {unknown}
 i - a scroll of noise {unknown}
 j - a scroll of vulnerability {unknown}
Potions
 b - a potion of magic
 c - a potion of resistance {unknown}
 d - a potion of heal wounds {unknown}
 h - 2 potions of degeneration {unknown}


   Skills:
 + Level 0.7 Maces & Flails
 + Level 2.0 Dodging
 + Level 2.0 Stealth
 + Level 2.2 Spellcasting
 + Level 1.6 Conjurations
 + Level 3.5 Air Magic


You had 5 spell levels left.
You knew the following spells:

 Your Spells              Type           Power      Damage    Failure   Level
a - Shock                 Conj/Air       40%        1d5       7%          1

Your spell library contained the following spells:

 Spells                   Type           Power      Damage    Failure   Level
 Foxfire                  Conj/Fire      16%        2x1d4     14%         1
 Static Discharge         Conj/Air       20%        3-4/arc   10%         2
 Swiftness                Air            13%        N/A       14%         3
 Airstrike                Air            6%         2d(1-17)  41%         4
 Summon Forest            Summ/Tloc      0%         N/A       99%         5
 Eringya's Noxious Bog    Tmut/Pois      0%         4d6       100%        6
 Summon Hydra             Summ           0%         N/A       100%        7


Dungeon Overview and Level Annotations

Branches:
Dungeon (2/15)

Altars:
Vehumet

Annotations:
D:2 Terence


Message History

Casting: Shock (safe; 7% risk of failure)
Confirm with . or Enter, or press ? or * to list all spells.
Aiming: Shock (safe; 7% risk of failure)
Press: ? - help, Shift-Dir - straight line, f/p - Terence
Aim: Terence, wielding a +0 flail and wearing a +0 chain mail (77% to hit)
Okay, then.
Casting: Shock (safe; 7% risk of failure)
Confirm with . or Enter, or press ? or * to list all spells.
Aiming: Shock (safe; 7% risk of failure)
Press: ? - help, Shift-Dir - straight line, f/p - Terence
Aim: Terence, wielding a +0 flail and wearing a +0 chain mail (77% to hit)
The zap hits Terence.
Terence is lightly wounded.
Casting: Shock (safe; 7% risk of failure)
Confirm with . or Enter, or press ? or * to list all spells.
Aiming: Shock (safe; 7% risk of failure)
Press: ? - help, Shift-Dir - straight line, f/p - Terence
Aim: Terence, wielding a +0 flail and wearing a +0 chain mail (lightly wounded, 77% to hit)
The zap hits Terence.
Terence is heavily wounded.
Terence hits you with a +0 flail!
Casting: Shock (safe; 7% risk of failure)
Confirm with . or Enter, or press ? or * to list all spells.
Aiming: Shock (safe; 7% risk of failure)
Press: ? - help, Shift-Dir - straight line, f/p - Terence
Aim: Terence, wielding a +0 flail and wearing a +0 chain mail (heavily wounded, 77% to hit)
The zap hits Terence but does no damage.
Terence is heavily wounded.
Terence hits you with a +0 flail!
* * * LOW HITPOINT WARNING * * *
Casting: Shock (safe; 7% risk of failure)
Confirm with . or Enter, or press ? or * to list all spells.
Aiming: Shock (safe; 7% risk of failure)
Press: ? - help, Shift-Dir - straight line, f/p - Terence
Aim: Terence, wielding a +0 flail and wearing a +0 chain mail (heavily wounded, 77% to hit)
You miscast Shock.
You are very lightly contaminated with residual magic.
Nothing appears to happen.
Terence hits you with a +0 flail!
You die...
Terence says, "Time to find some more victims."

.# #### ### .# .... ..## .#
#.. ###..! ##### .# ##.#
..... .... .####.# ## #...
... †..)..# ... #..<## ##.#
#####.## ##.# # #....###.#
##.###.##.######.....##
##.........@@....##..#
#######.##.##.#######.###.#
....†......##.# #.# #.#
.######...†...# #.# #.#
#....#### #.# #.# #.##.#
#.###.####... #.##.#
#####...........#
#.##.######...............#
#.##...........†....#######


You could see Terence.

Vanquished Creatures
  An adder (D:2)
  A dart slug (D:1)
  2 bats (D:2)
  An endoplasm (D:2)
  2 goblins
  2 hobgoblins (D:1)
  4 kobolds (D:1)
  A ball python (D:2)
  4 frilled lizards
  2 rats (D:2)
20 creatures vanquished.

Notes
Turn   | Place    | Note
-------+----------+-------------------------------------------
     0 | D:1      | Vulpanium the Human Air Elementalist began the quest for
                  | the Orb.
     0 | D:1      | Reached XP level 1. HP: 13/13 MP: 3/3
   407 | D:1      | Reached XP level 2. HP: 11/19 MP: 5/5
  1133 | D:2      | Reached XP level 3. HP: 18/24 MP: 2/6
  1305 | D:2      | Noticed an eye of devastation
  1307 | D:2      | Found a faded altar of an unknown god.
  1309 | D:2      | Noticed a golden eye
  1309 | D:2      | Noticed an eye of devastation
  1309 | D:2      | Noticed a glass eye
  1315 | D:2      | Prayed at the altar of an unknown god.
  1315 | D:2      | Became a worshipper of Vehumet
  1315 | D:2      | Reached * piety under Vehumet
  1315 | D:2      | Offered knowledge of Foxfire by Vehumet.
  1545 | D:2      | Noticed Terence
  1560 | D:2      | Slain by Terence

Illustrated notes

Levels and vault maps discovered:
D:1:      mainiacjoe_arrival_reflecting_pool, layout_basic,
          minmay_misc_feat_alley
D:2:      layout_loops_ring, hellmonk_ecumenical_altar_watching_god,
          uniq_terence, uniq_sigmund

Action                     || total
---------------------------++-------
  Melee: Mace              ||    30
   Cast: Shock             ||    45
 Armour: Robe              ||    20
  Dodge: Dodged            ||    34

Table legend: (Time is in decaauts)
 A = Elapsed time spent in this place.
 B = Non-inter-level travel time spent in this place.
 C = Inter-level travel time spent in this place.
 D = Time resting spent in this place.
 E = Time spent auto-exploring this place.
 F = Levels seen in this place.
 G = Mean time per level.
                   A        B        C        D        E       F      G
               +--------+--------+--------+--------+--------+-----+--------+
         Total |   1571 |   1557 |     14 |    437 |    945 |   2 |  785.5 |
       Dungeon |   1571 |   1557 |     14 |    437 |    945 |   2 |  785.5 |
               +--------+--------+--------+--------+--------+-----+--------+

Top non-repeatable levels by time:
     D:1: 1118 daAuts
     D:2: 452 daAuts
